 Dungeon Crawl Stone Soup version 0.22-a0-469-gf26638a (webtiles) character file.

109 4thArraOfDagon the Chopper (level 4, 0/41 HPs)
             Began as a Hill Orc Fighter on June 12, 2018.
             Succumbed to an adder's poison
             ... on level 3 of the Dungeon.
             The game lasted 00:02:57 (533 turns).

4thArraOfDagon the Chopper (Hill Orc Fighter)        Turns: 533, Time: 00:02:58

Health: 0/41       AC:  8    Str: 23    XL:     4   Next: 89%
Magic:  4/4        EV: 10    Int:  9    God:
Gold:   20         SH:  0    Dex: 10    Spells: 3/3 levels left

rFire    . . .     SeeInvis .   a - +0 war axe
rCold    . . .     Gourm    .   (no shield)
rNeg     . . .     Faith    .   m - +3 ring mail {MR+}
rPois    .         Spirit   .   (no helmet)
rElec    .         Reflect  .   (no cloak)
rCorr    .         Harm     .   (no gloves)
MR       +....                  (no boots)
Stlth    ..........             p - amulet of the acrobat
HPRegen  0.13/turn              (no ring)
MPRegen  0.09/turn              (no ring)

@: mighty, lethally poisoned (0 -> -5)
A: no striking features
a: no special abilities


You were on level 3 of the Dungeon.
You were not hungry.

You visited 1 branch of the dungeon, and saw 3 of its levels.

You collected 20 gold pieces.

Inventory:

Hand Weapons
 a - a +0 war axe (weapon)
Armour
 b - a +0 scale mail
 m - a +3 ring mail of magic resistance (worn)
Jewellery
 p - an amulet of the acrobat (around neck)
Scrolls
 c - a scroll of identify {unknown}
 g - a scroll of immolation {unknown}
 i - 3 scrolls of remove curse {unknown}
 j - a scroll of enchant weapon {unknown}
Potions
 d - a potion of might
 e - a potion of berserk rage {unknown}
 h - a potion of degeneration {unknown}
 k - a potion of experience {unknown}
 l - a potion of lignification {unknown}
 n - a potion of mutation {unknown}
 o - 2 potions of agility {unknown}
Comestibles
 f - 2 rations


   Skills:
 + Level 4.8 Fighting
 * Level 5.5 Axes
 - Level 3.2 Armour
   Level 3.2 Shields


You had 3 spell levels left.
You didn't know any spells.
Your spell library was empty.

Dungeon Overview and Level Annotations

Branches:
Dungeon (3/15)

Altars:
Fedhas


Message History

The adder poisons you!
You miss the adder.
* * * LOW HITPOINT WARNING * * *
You feel sick.
The adder bites you but does no damage. x2
Your ring mail prevents you from hitting the adder.
* * * LOW HITPOINT WARNING * * *
You feel sick. The adder bites you.
* * * LOW HITPOINT WARNING * * *
You barely miss the adder.
* * * LOW HITPOINT WARNING * * *
You feel sick. The adder misses you. x2
You slash the adder!
You kill the adder!
* * * LOW HITPOINT WARNING * * *
You feel sick.
Things that are here:
an adder corpse x2
* * * LOW HITPOINT WARNING * * *
You feel sick.
You die...

#.# .+ #
#.. .#
#.##.##..
.#...#. #
..... .#
#.###...#.#
#........#
#@# #.# #†#
#.#
#######.#
#.......#
#.#######
#.# #.#


There were no monsters in sight!

Vanquished Creatures
  An orc wizard (D:3)
  Terence (D:2)
  3 adders
  A worm (D:2)
  2 dart slugs
  A leopard gecko (D:3)
  3 orcs (D:3)
  A bat (D:3)
  A hobgoblin (D:3)
  3 kobolds
  A quokka (D:3)
  3 frilled lizards
  3 rats
24 creatures vanquished.

Notes
Turn   | Place    | Note
-------+----------+-------------------------------------------
     0 | D:1      | 4thArraOfDagon the Hill Orc Fighter began the quest for the Orb.
     0 | D:1      | Reached XP level 1. HP: 19/19 MP: 1/1
    13 | D:1      | p0werm0de: https://x-crawl.de/
    17 | D:1      | p0werm0de: krfreak hosting server for fork since yesterday
    17 | D:1      | 4thArraOfDagon: w00t
    17 | D:1      | 4thArraOfDagon: hhmm
   132 | D:2      | Noticed Terence
   189 | D:3      | Reached skill level 3 in Axes
   193 | D:3      | Reached XP level 2. HP: 18/27 MP: 2/2
   198 | D:3      | Reached skill level 4 in Axes
   198 | D:3      | Reached XP level 3. HP: 23/33 MP: 3/3
   301 | D:3      | Found a blossoming altar of Fedhas.
   413 | D:2      | Reached XP level 4. HP: 7/41 MP: 4/4
   413 | D:2      | HP: 1/41 [Terence/mace (5)]
   422 | D:2      | Killed Terence
   422 | D:2      | Reached skill level 5 in Axes
   436 | D:2      | HP: 2/41 [poisoned by an adder]
   530 | D:3      | HP: 2/41 [poisoned by an adder]
   533 | D:3      | Succumbed to an adder's poison

Vault maps used:
D:1:      dpeg_arrival_round_b
D:2:      nicolae_overflow_hidden_temple, roderic_st_hans_cross,
          nicolae_underground_beach, uniq_terence
D:3:      lemuel_crystal_altar, gup_sewer_entry_bowl, first_ration,
          kennysheep_another_room, kennysheep_generic_room_11

Skill      XL: |  1  2  3  4 |
---------------+-------------+-----
Axes           | 3 4 5 |  5.5
Fighting       | 4 |  4.8
Armour         | |  3.2
Shields        | |  3.2

Action                   |  1- 3 |  4- 6 || total
-------------------------+-------+-------++-------
Melee: War axe           |    73 |    14 ||    87
Evoke: Wand              |     1 |     8 ||     9
  Use: Potion            |       |     2 ||     2
Armor: Scale mail        |    34 |     2 ||    36
       Ring mail         |       |     6 ||     6
Dodge: Dodged            |    49 |    12 ||    61

Table legend:
 A = Spawn XP
 B = Non-spawn XP
 C = Spawn XP percentage of total XP
 D = Spawn monster count
 E = Non-spawn monster count
 F = Spawn count percentage of total count
 G = Total turns spent on level
                    A         B        C        D         E        F      G
               +---------+---------+-------+---------+---------+-------+---------
         Total |       0 |     156 |   0.0 |       0 |      24 |   0.0 |   533
               +---------+---------+-------+---------+---------+-------+---------
           D:2 |       0 |      65 |   0.0 |       0 |      10 |   0.0 |   233
           D:3 |       0 |      91 |   0.0 |       0 |      14 |   0.0 |   189
               +---------+---------+-------+---------+---------+-------+---------
